 Dungeon Crawl Stone Soup version 0.26-a0-651-gb41185065b (webtiles) character file.

Game seed: 4576659903869310805

13587 Inarius the Cleaver (level 11, -11/101 HPs)
             Began as a Pale Draconian Chaos Knight on Oct 30, 2020.
             Was a Plaything of Xom.
             Mangled by a 12-headed hydra (17 damage)
             ... on level 1 of the Lair of Beasts.
             The game lasted 00:18:19 (12270 turns).

Inarius the Cleaver (Pale Draconian Chaos Knight)  Turns: 12270, Time: 00:18:20

Health: -11/101    AC: 12    Str: 18    XL:     11   Next: 77%
Magic:  11/11      EV: 15    Int: 12    God:    Xom [*.....]
Gold:   1352       SH: 12    Dex: 15    Spells: 10/10 levels left

rFire    + . .     SeeInvis .   N - +1 war axe (distort)
rCold    . . .     Faith    .   t - +1 kite shield {reflect}
rNeg     . . .     Spirit   .   (armour unavailable)
rPois    .         Reflect  +   C - +2 hat
rElec    .         Harm     .   E - scarf {+Inv}
rCorr    .         Rampage  .   (no gloves)
MR       .....     Clarity  +   J - +2 pair of boots {Fly}
Stlth    ++........             (no amulet)
HPRegen  0.66/turn              (no ring)
MPRegen  0.12/turn              (no ring)

@: about to teleport, flying
A: breathe steam, unfitting armour, big wings, hooves 1, stinger 1, agile 2,
clarity, fire resistance 1, regeneration 1, robust 1, wild magic 1, evolution 1,
cold-blooded, MP-powered wands, AC +7
a: Breathe Steam, Stop Flying, Renounce Religion, Evoke Invisibility


You were on level 1 of the Lair of Beasts.
You worshipped Xom.
You were a special plaything of Xom.
You visited 2 branches of the dungeon, and saw 12 of its levels.
You also visited: Ossuary.

You collected 1740 gold pieces.
You spent 388 gold pieces at shops.

Inventory:

Hand Weapons
 L - a +0 morningstar
 M - a cursed +0 broad axe
 N - a +1 war axe of distortion (weapon)
Missiles
 D - 8 silver javelins (quivered)
Armour
 s - a +0 cloak
 t - a +1 kite shield of reflection (worn)
 w - a +0 tower shield
 C - a +2 hat (worn)
 E - a scarf of invisibility (worn)
 J - a +2 pair of boots of flying (worn)
Wands
 u - a wand of enslavement (12)
 x - a wand of random effects (22)
 z - a wand of digging (5)
Scrolls
 b - 7 scrolls of fog
 d - 2 scrolls of magic mapping
 g - 3 scrolls of teleportation
 h - 4 scrolls of random uselessness {unknown}
 i - 3 scrolls of amnesia {unknown}
 k - 4 scrolls of remove curse
 n - 4 scrolls of noise {unknown}
 v - a scroll of immolation
 y - a scroll of silence
 A - 2 scrolls of enchant armour {unknown}
Potions
 c - 12 potions of curing
 j - a potion of brilliance
 l - 5 potions of stabbing
 m - 5 potions of lignification
 o - 2 potions of berserk rage {unknown}
 p - 2 potions of degeneration {unknown}
 q - a potion of magic
 r - 2 potions of haste
 G - a potion of mutation
 H - a potion of ambrosia {unknown}
 I - a potion of heal wounds
Miscellaneous
 F - a lightning rod (inert)
 K - a phantom mirror


   Skills:
 + Level 7.5 Fighting
 * Level 12.9 Axes
 + Level 1.6 Throwing
 + Level 7.2 Dodging
 - Level 1.1 Stealth
 + Level 7.0 Shields
 * Level 7.6 Evocations


You had 10 spell levels left.
You didn't know any spells.
Your spell library contained the following spells:

 Spells                   Type           Power        Failure   Level
 Corona                   Hex            #......      75%         1
 Ensorcelled Hibernation  Hex/Ice        #.....       86%         2
 Slow                     Hex            #.......     86%         2
 Confusing Touch          Hex            #.......     97%         3
 Dazzling Flash           Conj/Hex       #.....       97%         3
 Inner Flame              Hex/Fire       #.......     97%         3
 Portal Projectile        Hex/Tloc       #.....       97%         3
 Tukima's Dance           Hex            #.......     97%         3
 Cause Fear               Hex            #.........   100%        4
 Leda's Liquefaction      Hex/Erth       #.........   100%        4


Dungeon Overview and Level Annotations

Branches:
Dungeon (11/15)            Temple (0/1) D:4            Lair (1/6) D:9
Ossuary (visited)
    Orc: D:9-12

Altars:
Cheibriados
Kikubaaqudgha
Makhleb
Xom

Shops:
D:4 :   D:11 [(

Annotations:
Abyss:1 Nergalle


Innate Abilities, Weirdness & Mutations

You can breathe blasts of scalding, opaque steam.
Your pale cyan-grey scales are hard. (AC +7)
You cannot fit into any form of body armour.
You are cold-blooded and may be slowed by cold attacks.
Your large and strong wings let you fly indefinitely.
You have large cloven feet.
Your tail ends in a poisonous barb.
You are very agile. (Dex +4)
You possess an exceptional clarity of mind.
Your flesh is heat resistant. (rF+)
Your natural rate of healing is unusually fast.
You are robust. (+10% HP)
Your spells are a little harder to cast, but a little more powerful.
You evolve.
You expend magic power (3 MP) to strengthen your wands.


Message History

You are too injured to fight recklessly!
Okay, then.
You see here a broad axe. "Let's try an experiment, hmmm?"
The floor seems to rush up at you!
As you read the scroll of teleportation, it crumbles to dust.
You feel strangely unstable. The 12-headed hydra bites you.
The 12-headed hydra completely misses you.
The 12-headed hydra bites you! You block the 12-headed hydra's attack.
The 12-headed hydra bites you!
* * * LOW HITPOINT WARNING * * *
The 12-headed hydra bites you.
* * * LOW HITPOINT WARNING * * *
The 12-headed hydra bites you!
* * * LOW HITPOINT WARNING * * *
The 12-headed hydra closely misses you. x2; The 12-headed hydra bites you!
* * * LOW HITPOINT WARNING * * *
The 12-headed hydra bites you!
You die...
Xom roars with laughter!

##.# ####.#####....## #..#
### ##....## #..## ##..#.#
#...# ##.... #..# #.#...
##..# ###### ###.##..
#...######.#..#####.#.##..
##...##..........##.#.#####
###.[......D@......#...## #
##.(.P.....#....#.<..#.##
#.#...##.#######.#.....#
##....##### ####....##
###...### ##....## .#....#
##.#..## #.....# ##....##
...#### ##....# #...#
##.#.##


You could see a 12-headed hydra.

Vanquished Creatures
  Fannar (Lair:1)
  Erolcha (D:9)
  2 two-headed ogres
  A hell hog (D:10)
  Erica (D:8)
  An unseen horror (D:11)
  An ugly thing (D:6)
  A cyclops (D:11)
  Maurice (D:9)
  A cane toad (Lair:1)
  A troll (D:10)
  4 hippogriffs
  A vampire (D:10)
  4 yaks (D:10)
  A water moccasin (D:4)
  An orc warrior (D:10)
  A porcupine (Lair:1)
  A sky beast (D:7)
  3 ice beasts
  A swamp drake (D:9)
  A black bear (D:11)
  7 centaurs
  2 necrophages
  4 ogres
  4 big kobolds
  2 crocodiles (Lair:1)
  4 bullfrogs
  4 water moccasin zombies (Ossuary)
  4 wights
  6 howler monkeys
  A bullfrog zombie (D:10)
  A centaur zombie (D:7)
  4 hounds
  5 centaur skeletons
  2 jellies (D:8)
  A quasit (D:11)
  An orc priest (D:6)
  2 bullfrog skeletons
  4 orc wizards
  2 iguanas
  5 worker ants
  A killer bee zombie (D:7)
  2 big kobold zombies (Ossuary)
  A hound zombie (D:5)
  A hound skeleton (D:10)
  2 mummies (Ossuary)
  A howler monkey zombie (D:6)
  13 adders
  18 gnolls
  A shadow imp (D:8)
  A white imp (D:5)
  An ooze (D:2)
  3 adder zombies (Ossuary)
  An adder skeleton (D:7)
  3 worms
  2 dart slugs
  4 leopard geckos
  28 orcs
  3 giant cockroaches
  5 gnoll zombies (Ossuary)
  11 goblins
  8 hobgoblins
  10 jackals
  5 quokkas
  A ball python (D:4)
  11 bats
  6 frilled lizards
  4 hobgoblin zombies (Ossuary)
  24 kobolds
  4 kobold zombies (Ossuary)
  2 leopard gecko skeletons
  3 orc zombies (Ossuary)
  7 rats
282 creatures vanquished.

Vanquished Creatures (collateral kills)
  A sky beast (D:5)
  A hound skeleton (D:5)
  2 orcs (D:10)
  A giant cockroach (D:5)
5 creatures vanquished.

Vanquished Creatures (others)
  A wyvern (D:10)
  A water moccasin (D:7)
  2 hounds
  3 orcs (D:7)
7 creatures vanquished.

Grand Total: 294 creatures vanquished

Notes
Turn   | Place    | Note
-------+----------+-------------------------------------------
     0 | D:1      | Inarius the Draconian Chaos Knight began the quest for the
                  | Orb.
     0 | D:1      | Reached XP level 1. HP: 19/19 MP: 1/1
    56 | D:1      | XOM: silly message
   192 | D:1      | XOM: silly message
   202 | D:1      | Reached XP level 2. HP: 15/26 MP: 2/2
   484 | D:1      | XOM: divination: magic mapping
   647 | D:1      | XOM: silly message
   648 | D:1      | XOM: silly message
   692 | D:1      | You fall into a shaft and drop 1 floor!
   733 | D:1      | Reached XP level 3. HP: 11/31 MP: 3/3
   749 | D:1      | XOM: cloud trail
  1228 | D:1      | Reached skill level 4 in Axes
  1481 | D:2      | XOM: give mutations
  1481 | D:2      | Gained mutation: Your flesh is heat resistant. (rF+) [Xom's
                  | grace]
  1481 | D:2      | Gained mutation: You have sharp fingernails. [Xom's grace]
  1481 | D:2      | Gained mutation: You have a pair of small horns on your
                  | head. [Xom's grace]
  1481 | D:2      | Gained mutation: You expend magic power (3 MP) to
                  | strengthen your wands. [Xom's grace]
  1722 | D:2      | XOM: 5-stop teleportation journey
  1894 | D:2      | Reached XP level 4. HP: 25/40 MP: 4/4
  2238 | D:2      | XOM: god gift: 18 gold pieces
  2279 | D:2      | XOM: silly message
  2315 | D:3      | XOM: silly message
  2425 | D:2      | XOM: noise
  2648 | D:3      | XOM: noise
  2820 | D:3      | XOM: potion effect (brilliance)
  2823 | D:2      | Reached XP level 5. HP: 23/46 MP: 5/5
  2957 | D:3      | XOM: divination: magic mapping
  3159 | D:3      | XOM: silly message
  3207 | D:4      | Found an ancient bone altar of Kikubaaqudgha.
  3314 | D:4      | Found Keqeywuk's Book Emporium.
  3354 | D:4      | Reached skill level 5 in Axes
  3484 | D:4      | Found a staircase to the Ecumenical Temple.
  3592 | D:4      | XOM: potion effect (might)
  3596 | D:4      | Reached XP level 6. HP: 45/52 MP: 6/6
  3893 | D:5      | Entered Level 5 of the Dungeon
  3897 | D:5      | XOM: noise
  4058 | D:5      | Noticed a water moccasin
  4059 | D:5      | XOM: enchant monster (good)
  4062 | D:5      | XOM: potion effect (brilliance)
  4076 | D:4      | Killed a water moccasin
  4076 | D:4      | Reached skill level 6 in Axes
  4233 | D:4      | XOM: cloud trail
  4264 | D:4      | XOM: give mutations
  4264 | D:4      | Gained mutation: Your tail ends in a poisonous barb. [Xom's
                  | grace]
  4264 | D:4      | Gained mutation: Your large and strong wings let you fly
                  | indefinitely. [Xom's grace]
  4264 | D:4      | Gained mutation: You are agile. (Dex +2) [Xom's grace]
  4322 | D:5      | Noticed a sky beast
  4330 | D:5      | Killed a sky beast
  4330 | D:5      | Your scales start taking on a pale cyan-grey colour.
  4330 | D:5      | Reached XP level 7. HP: 14/60 MP: 3/7
  4349 | D:5      | HP: 3/60 [ogre/+0 giant club (15)]
  4351 | D:5      | Reached skill level 1 in Stealth
  4439 | D:4      | XOM: scenery: create altars
  4529 | D:4      | XOM: scenery: summon butterflies
  4592 | D:4      | XOM: god gift: phantom mirror
  4807 | D:5      | XOM: potion effect (brilliance)
  4834 | D:5      | Reached skill level 1 in Shields
  4850 | D:5      | XOM: enchant monster (good)
  4853 | D:5      | Reached skill level 1 in Evocations
  4854 | D:5      | Reached skill level 7 in Axes
  4900 | D:4      | XOM: give mutations
  4900 | D:4      | Lost mutation: You have a pair of small horns on your head.
                  | [Xom's mischief]
  4900 | D:4      | Gained mutation: Your body sometimes deteriorates upon
                  | taking damage. [Xom's mischief]
  4900 | D:4      | Lost mutation: Your body sometimes deteriorates upon taking
                  | damage. [Xom's mischief]
  4900 | D:4      | Lost mutation: Your tail ends in a poisonous barb. [Xom's
                  | mischief]
  5187 | D:5      | XOM: noise
  5257 | D:5      | XOM: scenery: 1 doors open, 2 doors close
  5303 | D:5      | XOM: divine lightning
  5354 | D:5      | Reached XP level 8. HP: 20/67 MP: 8/8
  5593 | D:5      | XOM: scenery: 2 doors open, 1 doors close
  5662 | D:5      | XOM: potion effect (berserk rage)
  5771 | D:5      | XOM: scenery: summon butterflies
  6171 | D:6      | Reached skill level 5 in Fighting
  6291 | D:6      | XOM: give mutations
  6291 | D:6      | Gained mutation: Your spells are a little harder to cast,
                  | but a little more powerful. [Xom's grace]
  6291 | D:6      | Gained mutation: You are robust. (+10% HP) [Xom's grace]
  6291 | D:6      | Gained mutation: You evolve. [Xom's grace]
  6291 | D:6      | Gained mutation: Your natural rate of healing is unusually
                  | fast. [Xom's grace]
  6534 | D:6      | XOM: cloud trail
  6835 | D:6      | XOM: cloud trail
  6911 | D:6      | XOM: god gift: 8 silver javelins
  6926 | D:7      | Found a burning altar of Makhleb.
  6926 | D:7      | Noticed a brown ugly thing
  6926 | D:7      | XOM: potion effect (might)
  6934 | D:6      | XOM: fog
  6938 | D:6      | Reached skill level 8 in Axes
  7007 | D:6      | Killed a brown ugly thing
  7083 | D:6      | XOM: cloud trail
  7087 | D:6      | XOM: god gift: ichor-stained glaive {god gift}
  7106 | D:6      | Got an ichor-stained glaive {god gift}
  7107 | D:6      | Identified the cursed +3 glaive of Hard Scrabble {chaos,
                  | rF+} (Xom gifted it to you on level 6 of the Dungeon)
  7161 | D:7      | Reached skill level 5 in Dodging
  7161 | D:7      | Reached XP level 9. HP: 81/81 MP: 9/9
  7197 | D:7      | XOM: scenery: summon butterflies
  7260 | D:7      | XOM: destruction
  7277 | D:7      | Reached skill level 9 in Axes
  7283 | D:7      | Reached skill level 1 in Throwing
  7427 | D:7      | XOM: scenery: summon butterflies
  7435 | D:7      | XOM: god gift: lightning rod (4/4)
  7560 | D:7      | XOM: give mutations
  7560 | D:7      | Gained mutation: Your spells are harder to cast, but more
                  | powerful. [Xom's grace]
  7560 | D:7      | Gained mutation: You have large cloven feet. [Xom's grace]
  7560 | D:7      | Gained mutation: You are very agile. (Dex +4) [Xom's grace]
  7568 | D:7      | XOM: confuse monster(s)
  7571 | D:7      | XOM: fog
  7684 | D:7      | XOM: give mutations
  7684 | D:7      | Gained mutation: Your tail ends in a poisonous barb. [Xom's
                  | grace]
  7684 | D:7      | Gained mutation: You are resistant to hostile enchantments.
                  | (MR+) [Xom's grace]
  7684 | D:7      | Gained mutation: You have a pair of small horns on your
                  | head. [Xom's grace]
  7684 | D:7      | Gained mutation: You possess an exceptional clarity of
                  | mind. [Xom's grace]
  7698 | D:8      | Found a sand-covered staircase.
  7744 | Ossuary  | Entered an ossuary
  7899 | Ossuary  | XOM: 4-stop teleportation journey
  7955 | D:8      | XOM: swap monsters
  8035 | D:8      | Reached skill level 10 in Axes
  8072 | D:8      | Noticed Erica
  8079 | D:8      | XOM: blink monster(s)
  8084 | D:8      | Killed Erica
  8144 | D:8      | Reached XP level 10. HP: 91/91 MP: 10/10
  8239 | D:8      | Noticed a two-headed ogre
  8249 | D:8      | Killed a two-headed ogre
  8249 | D:8      | Reached skill level 5 in Evocations
  8581 | D:8      | XOM: god gift: 6 curare-tipped darts
  8598 | D:8      | Identified a scroll of acquirement
  8599 | D:8      | Acquired 890 gold pieces
  8616 | D:8      | XOM: scenery: summon butterflies
  8729 | D:9      | XOM: polymorph something unseen -> bat
  8732 | D:9      | Reached skill level 11 in Axes
  8759 | D:9      | Found a staircase to the Lair.
  8864 | D:9      | Noticed Erolcha
  8868 | D:9      | XOM: scenery: 2 doors open, 1 doors close
  8875 | D:9      | Killed Erolcha
  8875 | D:9      | Reached skill level 5 in Shields
  9039 | D:9      | Noticed Maurice
  9058 | D:9      | Killed Maurice
  9295 | D:9      | Noticed Psyche
  9309 | D:9      | Noticed Psyche
  9309 | D:9      | Psyche changed into Psyche the swamp drake
  9318 | D:9      | Killed Psyche the swamp drake
  9485 | D:10     | Entered Level 10 of the Dungeon
  9601 | D:10     | XOM: silly message
  9618 | D:10     | XOM: silly message
  9636 | D:10     | XOM: swap monsters
  9638 | D:10     | Noticed a hell hog
  9638 | D:10     | an efreet changed into a hell hog
  9638 | D:10     | XOM: polymorph efreet -> hell hog
  9657 | D:10     | Killed a hell hog
  9765 | D:10     | XOM: give mutations
  9765 | D:10     | Lost mutation: You are resistant to hostile enchantments.
                  | (MR+) [Xom's mischief]
  9765 | D:10     | Lost mutation: You have sharp fingernails. [Xom's mischief]
  9914 | D:10     | XOM: confuse monster(s)
  9916 | D:10     | Reached XP level 11. HP: 37/100 MP: 11/11
 10225 | D:10     | XOM: give mutations
 10225 | D:10     | Lost mutation: You have a pair of small horns on your head.
                  | [Xom's mischief]
 10225 | D:10     | Lost mutation: Your spells are harder to cast, but more
                  | powerful. [Xom's mischief]
 10599 | D:10     | Reached skill level 12 in Axes
 10617 | D:10     | XOM: silly message
 11086 | D:11     | XOM: swap monsters
 11089 | D:11     | XOM: chaos cloud
 11152 | D:11     | Found a snail-covered altar of Cheibriados.
 11167 | D:11     | Killed an unseen horror
 11202 | D:11     | Noticed a purple ugly thing
 11234 | D:11     | XOM: swap monsters
 11394 | D:11     | Noticed an eight-headed hydra
 11581 | D:11     | Noticed a two-headed ogre
 11730 | D:11     | Killed a two-headed ogre
 11753 | D:11     | Found Lynianec's Armour Shop.
 11761 | D:11     | Bought a +1 kite shield of reflection for 189 gold pieces
 11774 | D:11     | Found Kirerr's Antique Weapon Emporium.
 11783 | D:11     | Bought a broad axe for 76 gold pieces
 11783 | D:11     | Bought a runed war axe for 123 gold pieces
 11784 | D:11     | XOM: noise
 11904 | Lair:1   | Entered Level 1 of the Lair of Beasts
 11909 | Lair:1   | XOM: 2-stop teleportation journey
 12002 | Lair:1   | Noticed Fannar
 12004 | Lair:1   | Noticed Nergalle
 12016 | Lair:1   | Killed Fannar
 12037 | Lair:1   | Banished Nergalle
 12042 | Lair:1   | XOM: 3-stop teleportation journey
 12137 | Lair:1   | XOM: 1-stop teleportation journey
 12202 | Lair:1   | Noticed a six-headed hydra
 12202 | Lair:1   | XOM: noise
 12253 | Lair:1   | XOM: silly message
 12270 | Lair:1   | Mangled by a 12-headed hydra

Illustrated notes

Levels and vault maps discovered:
D:1:      wander_arrival_chamber, layout_basic
D:2:      layout_basic
D:3:      layout_basic, serial_glass, glass_columns_a, glass_columns_c
D:4:      layout_basic, kiku_gazebo_garden_becter, temple_green, serial_shops,
          nicolae_shop_statue_plus
D:5:      layout_gridville
D:6:      layout_basic
D:7:      layout_rooms, bloody_makhleb
D:8:      layout_rooms, enter_ossuary_1, uniq_erica
D:9:      layout_roguey, lair_entry_dummy, uniq_erolcha, uniq_psyche,
          uniq_maurice
D:10:     layout_loops_corners
D:11:     layout_stronghold, orc_0_dummy, serial_shops, shop, shop_statue,
          cheibriados_altar_1
Lair:1:   layout_concentric_octagons, minmay_lair_oklob_chamber,
          grunt_megastairs_2, uniq_fannar, uniq_nergalle

Skill      XL: |  1  2  3  4  5  6  7  8  9 10 11 |
---------------+----------------------------------+-----
Axes           | 4 5 6 7 8 10 11 12 | 12.9
Dodging        | 3 4 5 6 7 |  7.2
Fighting       | 4 5 6 7 |  7.5
Stealth        | 1 |  1.1
Shields        | 1 3 4 5 7 |  7.0
Evocations     | 1 3 4 6 7 |  7.6
Throwing       | 1 |  1.6

Action                   |  1- 3 |  4- 6 |  7- 9 | 10-12 || total
-------------------------+-------+-------+-------+-------++-------
Melee: Hand axe          |   138 |   114 |   397 |   329 ||   978
       Tailslap          |    19 |    16 |    57 |    81 ||   173
       Headbutt          |     3 |    20 |    29 |    73 ||   125
       Kick              |       |       |    28 |       ||    28
       War axe           |       |       |       |   118 ||   118
Throw: Javelin           |       |       |     8 |     3 ||    11
 Abil: Fly               |       |     1 |       |       ||     1
       Breathe Steam     |       |       |     4 |     1 ||     5
       Evoke Invisibilit |       |       |       |     3 ||     3
Evoke: Wand              |       |     3 |     1 |    16 ||    20
       Phantom mirror    |       |       |     1 |       ||     1
       Lightning rod     |       |       |       |     6 ||     6
  Use: Potion            |       |       |     3 |     2 ||     5
       Scroll            |       |       |     9 |    11 ||    20
 Stab: Sleeping          |     1 |     2 |     5 |     6 ||    14
       Paralysed         |       |       |    16 |    20 ||    36
       Petrified         |       |       |     4 |     1 ||     5
       Confused          |       |       |     5 |       ||     5
       Petrifying        |       |       |     2 |     4 ||     6
       Distracted        |       |       |       |     2 ||     2
Armor: Skin              |    57 |    33 |    99 |   117 ||   306
Dodge: Dodged            |    95 |    69 |   108 |   144 ||   416
Block: Tower shield      |       |    23 |   259 |   214 ||   496
       Kite shield       |       |       |       |    51 ||    51

Table legend: (Time is in decaauts)
 A = Elapsed time spent in this place.
 B = Non-inter-level travel time spent in this place.
 C = Inter-level travel time spent in this place.
 D = Time resting spent in this place.
 E = Time spent auto-exploring this place.
 F = Levels seen in this place.
 G = Mean time per level.
                   A        B        C        D        E       F      G
               +--------+--------+--------+--------+--------+-----+--------+
         Total |  12287 |  11868 |    419 |   2551 |   6741 |  13 |  945.2 |
       Dungeon |  11736 |  11318 |    418 |   2551 |   6526 |  11 | 1066.9 |
          Lair |    361 |    361 |      0 |      0 |    215 |   1 |  361.0 |
       Ossuary |    189 |    189 |      0 |      0 |      0 |   1 |  189.0 |
               +--------+--------+--------+--------+--------+-----+--------+

Top non-repeatable levels by time:
     D:4: 1603 daAuts
    D:10: 1575 daAuts
     D:1: 1403 daAuts
     D:5: 1217 daAuts
     D:6: 1124 daAuts
     D:2: 1058 daAuts
     D:8: 830 daAuts
    D:11: 808 daAuts
     D:3: 768 daAuts
     D:9: 762 daAuts
     D:7: 583 daAuts
  Lair:1: 361 daAuts
 Ossuary: 189 daAuts
